 Dungeon Crawl Stone Soup version 0.31.0-12-g77e489cdc1 (webtiles) character file.

Game seed: 6279296086661823883

15 spaghetti the Shooter (level 2, 17/17 HPs)
             Began as a Tengu Hunter on Feb 18, 2024.
             Quit the game on level 1 of the Dungeon.
             The game lasted 00:00:25 (334 turns).

spaghetti the Shooter (Tengu Hunter)                 Turns: 334, Time: 00:00:25

Health: 17/17      AC:  3    Str: 11    XL:     2   Next: 50%
Magic:  3/3        EV: 12    Int:  9    God:
Gold:   15         SH:  0    Dex: 17    Spells: 1/1 levels left

rFire   . . .        a - +0 shortbow
rCold   . . .        (shield currently unavailable)
rNeg    . . .        c - +0 leather armour
rPois   .            (helmet restricted)
rElec   .            (no cloak)
rCorr   .            (no gloves)
SInv    .            (boots unavailable)
Will    .....        (no amulet)
Stlth   +            (no ring)
HPRegen 0.22/turn    (no ring)
MPRegen 0.08/turn

%: acrobat
@: very slow
A: beak, talons 3, acrobatic
a: no special abilities


You were on level 1 of the Dungeon.
You visited 1 branch of the dungeon, and saw 1 of its levels.

You collected 15 gold pieces.

Inventory:

Hand Weapons
 a - a +0 shortbow (weapon)
Armour
 c - a +0 leather armour (worn)
Scrolls
 b - a scroll of butterflies
 e - a scroll of torment {unknown}
 g - a scroll of identify {unknown}
 h - a scroll of teleportation {unknown}
Potions
 d - a potion of cancellation {unknown}
 f - a potion of invisibility {unknown}
 i - a potion of lignification {unknown}


   Skills:
 - Level 2.0 Fighting
 + Level 5.1 Ranged Weapons
 - Level 2.1 Dodging
 - Level 1.0 Stealth


You had one spell level left.
You didn't know any spells.
Your spell library was empty.

Dungeon Overview and Level Annotations

Branches:
Dungeon (1/15)

Altars:


Innate Abilities, Weirdness & Mutations

You have a beak for a mouth.
You have claws for feet.
You can magically evade attacks while moving or waiting.


Message History

i - a glowing brown potion As you open the door, it creaks loudly!
No target in view!
No target in view!
No target in view!
No target in view!
There is an open door here.
You open the door.
Found a hand axe.
There is an open door here.
You now have 15 gold pieces (gained 7).
You see here a +0 hand axe.
A frilled lizard comes into view.
You shoot an arrow. The arrow hits the frilled lizard!
You kill the frilled lizard!
No target in view!
No target in view!
No target in view!
No target in view!
No target in view!
No target in view!
No target in view!
No target in view!
No target in view!
No target in view!
No target in view!
You open the door.
There is an open door here.
You enter the shallow water.
Moving in this stuff is going to be slow.
A ball python comes into view.
A ball python is nearby!
You shoot an arrow. The arrow hits the ball python!
You kill the ball python!
No target in view!
No target in view!
No target in view!
No target in view!
No target in view!
Are you sure you want to abandon this character and quit the game? (Confirm with "yes".)

#†# #########.########
..........##.. .. .
...........##..♣P♣♣♣~.
...........##.♣~†~~~~♣.. #..
...........##.♣~P~~~~~~~♣ ###.. #
..........##.♣~PP≈~≈≈~~P♣♣~...
### #.^.......'♣@~P~~P≈≈≈~~~~~~.#
..###......#..♣~P~~~~P~P~~~~~P~~#
..'.#.....)#..♣~~..P~~P~~~~P~P♣.#
..#.#......#...~~...~..~~~P♣P♣..#
###.'...........................)
###......#♣~~~.~..............#
##......#♣♣♣~P~P~P..~~.......#
#.......# ♣♣~~~P~~P~~~#.....#
#.####### ~~~P♣~~PP##.....#


There were no monsters in sight!

Vanquished Creatures
  A ball python (D:1)
  3 endoplasms (D:1)
  2 giant cockroaches (D:1)
  2 goblins (D:1)
  2 bats (D:1)
  A frilled lizard (D:1)
  2 kobolds (D:1)
13 creatures vanquished.

Notes
Turn   | Place    | Note
-------+----------+-------------------------------------------
     0 | D:1      | spaghetti the Tengu Hunter began the quest for the Orb.
     0 | D:1      | Reached XP level 1. HP: 12/12 MP: 2/2
   140 | D:1      | Reached XP level 2. HP: 17/17 MP: 3/3
   170 | D:1      | Reached skill level 5 in Ranged Weapons
   334 | D:1      | Quit the game

Illustrated notes

Levels and vault maps discovered:
D:1:      heliophobic_arrival_dark_side_of_the_moon, layout_basic, serial_bayou,
          serial_bayou_shore_a, serial_bayou_shore_b, serial_bayou_lagoon_a,
          serial_bayou_shore_b, serial_bayou_ford_a

Skill      XL: |  1  2 |
---------------+-------+-----
Ranged Weapons | 5 |  5.1
Fighting       | |  2.0
Dodging        | |  2.1
Stealth        | |  1.0

Action                     || total
---------------------------++-------
   Fire: Shortbow          ||    27
  Dodge: Dodged            ||     2
